| TOP OF THE 1ST |
|
Albuquerque Isotopes batting - Pitching for Memphis Redbirds : RHP Chad Steffee
|
|
Pitching: RHP Chad Steffee
|
|
|
Batting: LHB Enrique Andrade
|
0-0: Called Strike 0-1: Ball 1-1: Ground out U3 (Groundball, 3L, EV 81.9 MPH)
|
|
Batting: LHB Tetsuya Oba
|
0-0: Foul Ball, location: 2F 0-1: Ball 1-1: Ground out 4-3 (Groundball, 34D, EV 106.9 MPH)
|
|
Batting: LHB Katsunan Akimoto
|
0-0: Fly out, F2 (Popup, 23F, EV 84.4 MPH)
|
| Top of the 1st over - 0 runs, 0 hits, 0 errors, 0 left on base; Albuquerque 0 - Memphis 0 |
| BOTTOM OF THE 1ST |
|
Memphis Redbirds batting - Pitching for Albuquerque Isotopes : RHP Jason Hamlyn
|
|
Pitching: RHP Jason Hamlyn
|
|
|
Batting: SHB Luke Robbins
|
0-0: Ball 1-0: Ball 2-0: Called Strike 2-1: SINGLE (Groundball, 4M, EV 97.5 MPH) (infield hit)
|
|
Batting: LHB Tom Butterbaugh
|
0-0: Called Strike 0-1: Ball 1-1: Ball 2-1: Ball 3-1: Base on Balls Luke Robbins to second
|
|
Batting: RHB Eric Chotkowski
|
0-0: Called Strike 0-1: Ball 1-1: Swinging Strike 1-2: Foul Ball, location: 2F 1-2: Foul Ball, location: 2F 1-2: DOUBLE (Groundball, 5L, EV 103.8 MPH) Luke Robbins scores Tom Butterbaugh to third
|
|
Batting: LHB Melvin Salgado
|
0-0: SINGLE (Groundball, 34D, EV 98.8 MPH) Tom Butterbaugh scores Eric Chotkowski to third
|
|
Batting: LHB Tim Olsen
|
0-0: Fielders Choice at 2nd, 1-4 (Groundball, 15S, EV 65.0 MPH)
|
|
Batting: SHB Quido van Erp
|
0-0: Called Strike 0-1: Ball 1-1: Called Strike Tim Olsen steals 2nd base 1-2: Ground out U3 (Groundball, 3, EV 87.5 MPH)
|
|
Batting: LHB Jesus Ramirez
|
0-0: Called Strike 0-1: Ball 1-1: Ground out 4-3 (Groundball, 34, EV 108.1 MPH)
|
| Bottom of the 1st over - 2 runs, 3 hits, 0 errors, 2 left on base; Albuquerque 0 - Memphis 2 |
| TOP OF THE 2ND |
|
Albuquerque Isotopes batting - Pitching for Memphis Redbirds : RHP Chad Steffee
|
|
Batting: RHB Ron Johansen
|
0-0: Foul Ball, location: 2F 0-1: Ball 1-1: Ball 2-1: Ground out 4-3 (Groundball, 4D, EV 82.5 MPH)
|
|
Batting: SHB Bradley Barrowcliff
|
0-0: Ball 1-0: Called Strike 1-1: Foul Ball, location: 2F 1-2: Ball 2-2: Ball 3-2: Base on Balls
|
|
Batting: RHB Jerry Castro
|
0-0: Ball Bradley Barrowcliff is caught stealing 2nd base 2-4 1-0: Foul Ball, location: 2F 1-1: Called Strike 1-2: Foul Ball, location: 2F 1-2: Ball 2-2: Strikes out swinging
|
| Top of the 2nd over - 0 runs, 0 hits, 0 errors, 0 left on base; Albuquerque 0 - Memphis 2 |
| BOTTOM OF THE 2ND |
|
Memphis Redbirds batting - Pitching for Albuquerque Isotopes : RHP Jason Hamlyn
|
|
Batting: RHB Colin Boddy
|
0-0: Fly out, F8 (Flyball, 89M, EV 96.3 MPH)
|
|
Batting: RHB Nick Getz
|
0-0: Ball 1-0: Foul Ball, location: 2F 1-1: Ball 2-1: SINGLE (Line Drive, 9, EV 108.8 MPH)
|
|
Batting: SHB Luke Robbins
|
0-0: Fielders Choice at 2nd, 6-4 (Groundball, 6, EV 105.0 MPH)
|
|
Batting: LHB Tom Butterbaugh
|
0-0: Ball Luke Robbins steals 2nd base 1-0: Ground out 1-3 (Groundball, 13, EV 70.0 MPH)
|
| Bottom of the 2nd over - 0 runs, 1 hit, 0 errors, 1 left on base; Albuquerque 0 - Memphis 2 |
| TOP OF THE 3RD |
|
Albuquerque Isotopes batting - Pitching for Memphis Redbirds : RHP Chad Steffee
|
|
Batting: RHB Bobby Heagle
|
0-0: Called Strike 0-1: Ball 1-1: Called Strike 1-2: Strikes out looking
|
|
Batting: RHB Nate Carrell
|
0-0: Called Strike 0-1: Foul Ball, location: 2F 0-2: Foul Ball, location: 2F 0-2: Ball 1-2: Fly out, F9 (Flyball, 9, EV 89.4 MPH)
|
|
Batting: RHB Josh Baker
|
0-0: Foul Ball, location: 2F 0-1: Ball 1-1: Ball 2-1: SINGLE (Groundball, 56S, EV 66.3 MPH) (infield hit)
|
|
Batting: LHB Enrique Andrade
|
0-0: Ground out 4-3 (Groundball, P, EV 84.4 MPH)
|
| Top of the 3rd over - 0 runs, 1 hit, 0 errors, 1 left on base; Albuquerque 0 - Memphis 2 |
| BOTTOM OF THE 3RD |
|
Memphis Redbirds batting - Pitching for Albuquerque Isotopes : RHP Jason Hamlyn
|
|
Batting: RHB Eric Chotkowski
|
0-0: Ball 1-0: Ball 2-0: Ball 3-0: Base on Balls
|
|
Batting: LHB Melvin Salgado
|
0-0: Ball 1-0: Grounds into double play, U6-3 (Groundball, 4M, EV 110.6 MPH)
|
|
Batting: LHB Tim Olsen
|
0-0: Called Strike 0-1: Ball 1-1: Fly out, F4 (Popup, 34D, EV 63.8 MPH)
|
| Bottom of the 3rd over - 0 runs, 0 hits, 0 errors, 0 left on base; Albuquerque 0 - Memphis 2 |
| TOP OF THE 4TH |
|
Albuquerque Isotopes batting - Pitching for Memphis Redbirds : RHP Chad Steffee
|
|
Batting: LHB Tetsuya Oba
|
0-0: Foul Ball, location: 2F 0-1: Ball 1-1: Ball 2-1: Ground out 5-3 (Groundball, 56, EV 108.1 MPH)
|
|
Batting: LHB Katsunan Akimoto
|
0-0: Foul Ball, location: 2F 0-1: Ball 1-1: Ball 2-1: Ball 3-1: Base on Balls
|
|
Batting: RHB Ron Johansen
|
0-0: Called Strike 0-1: Foul Ball, location: 2F 0-2: Fielders Choice at 2nd, 5-4 (Groundball, 56S, EV 92.5 MPH)
|
|
Batting: SHB Bradley Barrowcliff
|
0-0: Ball Ron Johansen steals 2nd base 1-0: Ball 2-0: Ball 3-0: Called Strike 3-1: Called Strike 3-2: Base on Balls
|
|
Batting: RHB Jerry Castro
|
0-0: Called Strike 0-1: Ball 1-1: Ball 2-1: Ball 3-1: Base on Balls Ron Johansen to third Bradley Barrowcliff to second
|
|
Batting: RHB Bobby Heagle
|
0-0: Called Strike 0-1: SINGLE (Groundball, 5S, EV 71.3 MPH) (infield hit) Ron Johansen scores Bradley Barrowcliff to third Jerry Castro to second
|
|
Batting: RHB Nate Carrell
|
0-0: Ball 1-0: Ball 2-0: SINGLE (Groundball, 6M, EV 101.3 MPH) (infield hit) Bradley Barrowcliff scores Jerry Castro to third Bobby Heagle to second
|
|
Batting: RHB Josh Baker
|
0-0: Called Strike 0-1: Foul Ball, location: 2F 0-2: Fly out, F8 (Flyball, 8LS, EV 87.5 MPH)
|
| Top of the 4th over - 2 runs, 2 hits, 0 errors, 3 left on base; Albuquerque 2 - Memphis 2 |
| BOTTOM OF THE 4TH |
|
Memphis Redbirds batting - Pitching for Albuquerque Isotopes : RHP Jason Hamlyn
|
|
Batting: SHB Quido van Erp
|
0-0: Ball 1-0: Bunt missed! 1-1: Ball 2-1: Swinging Strike 2-2: Fly out, F9 (Flyball, 89M, EV 92.5 MPH)
|
|
Batting: LHB Jesus Ramirez
|
0-0: Called Strike 0-1: Ball 1-1: Ground out 2-3 (Groundball, 15S, EV 64.4 MPH)
|
|
Batting: RHB Colin Boddy
|
0-0: SINGLE (Groundball, 56D, EV 95.0 MPH)
|
|
Batting: RHB Nick Getz
|
0-0: Ball 1-0: Foul Ball, location: 2F 1-1: Swinging Strike 1-2: Ground out 1-3 (Groundball, 34S, EV 66.3 MPH)
|
| Bottom of the 4th over - 0 runs, 1 hit, 0 errors, 1 left on base; Albuquerque 2 - Memphis 2 |
| TOP OF THE 5TH |
|
Albuquerque Isotopes batting - Pitching for Memphis Redbirds : RHP Chad Steffee
|
|
Batting: LHB Enrique Andrade
|
0-0: Fly out, F7 (Flyball, 78M, EV 78.8 MPH)
|
|
Batting: LHB Tetsuya Oba
|
0-0: Called Strike 0-1: Fly out, F7 (Flyball, 7, EV 90.0 MPH)
|
|
Batting: LHB Katsunan Akimoto
|
0-0: Ball 1-0: Foul Ball, location: 2F 1-1: Swinging Strike 1-2: Ball 2-2: Ground out 4-3 (Groundball, 4, EV 106.9 MPH)
|
| Top of the 5th over - 0 runs, 0 hits, 0 errors, 0 left on base; Albuquerque 2 - Memphis 2 |
| BOTTOM OF THE 5TH |
|
Memphis Redbirds batting - Pitching for Albuquerque Isotopes : RHP Jason Hamlyn
|
|
Batting: SHB Luke Robbins
|
0-0: Ball 1-0: Foul Ball, location: 2F 1-1: Ball 2-1: Ball 3-1: Foul Ball, location: 2F 3-2: Base on Balls
|
|
Batting: LHB Tom Butterbaugh
|
0-0: Ball Luke Robbins steals 2nd base 1-0: Ball 2-0: Ball 3-0: Called Strike 3-1: Called Strike 3-2: Reached on error, E4 (Groundball, 4, EV 85.0 MPH) Luke Robbins to third
|
|
Batting: RHB Eric Chotkowski
|
0-0: Ball 1-0: Called Strike Tom Butterbaugh steals 2nd base 1-1: Ball 2-1: Ball 3-1: Ground out 1-3 (Groundball, 15S, EV 70.6 MPH)
|
|
Batting: LHB Melvin Salgado
|
0-0: Called Strike 0-1: Ball 1-1: Ball 2-1: Ball 3-1: Foul Ball, location: 2F 3-2: Base on Balls
|
|
Batting: LHB Tim Olsen
|
0-0: Ball 1-0: Called Strike 1-1: Foul Ball, location: 2F 1-2: Ball 2-2: Ball 3-2: DOUBLE (Line Drive, 89XD, EV 106.9 MPH) Luke Robbins scores Tom Butterbaugh scores Melvin Salgado to third
|
|
Batting: SHB Quido van Erp
|
0-0: Ball 1-0: Ball 2-0: Called Strike 2-1: Ball 3-1: Called Strike 3-2: Fly out, F7 (Line Drive, 7, EV 90.6 MPH)
|
|
Batting: LHB Jesus Ramirez
|
0-0: SINGLE (Groundball, 34D, EV 106.9 MPH) Melvin Salgado scores Tim Olsen to third Runner from 3rd tries for Home, throw by RF and OUT! 9-2
|
| Bottom of the 5th over - 3 runs, 2 hits, 1 error, 1 left on base; Albuquerque 2 - Memphis 5 |
| TOP OF THE 6TH |
|
Albuquerque Isotopes batting - Pitching for Memphis Redbirds : RHP Chad Steffee
|
|
Batting: RHB Ron Johansen
|
0-0: Foul Ball, location: 2F 0-1: Called Strike 0-2: Foul Ball, location: 2F 0-2: Ball 1-2: Ball 2-2: Ball 3-2: Foul Ball, location: 2F 3-2: Fly out, F7 (Flyball, 7LM, EV 92.5 MPH)
|
|
Batting: SHB Bradley Barrowcliff
|
0-0: Called Strike 0-1: Called Strike 0-2: Ball 1-2: Ball 2-2: Ball 3-2: Fly out, F5 (Popup, 5SF, EV 69.4 MPH)
|
|
Batting: RHB Jerry Castro
|
0-0: Called Strike 0-1: Swinging Strike 0-2: Strikes out swinging
|
| Top of the 6th over - 0 runs, 0 hits, 0 errors, 0 left on base; Albuquerque 2 - Memphis 5 |
| BOTTOM OF THE 6TH |
|
Memphis Redbirds batting - Pitching for Albuquerque Isotopes : RHP Jason Hamlyn
|
|
Pitching: RHP Calvin Hightower
|
|
|
Batting: RHB Colin Boddy
|
0-0: Fly out, F8 (Flyball, 89M, EV 88.8 MPH)
|
|
Batting: RHB Nick Getz
|
0-0: Ball 1-0: Called Strike 1-1: Foul Ball, location: 2F 1-2: Foul Ball, location: 2F 1-2: Fly out, F8 (Flyball, 8RS, EV 85.0 MPH)
|
|
Batting: SHB Luke Robbins
|
0-0: Ball 1-0: Called Strike 1-1: Swinging Strike 1-2: SINGLE (Groundball, 6M, EV 96.3 MPH) (infield hit)
|
|
Batting: LHB Tom Butterbaugh
|
0-0: Ball 1-0: SINGLE (Groundball, 5S, EV 63.8 MPH) (infield hit) Luke Robbins to second
|
|
Batting: RHB Eric Chotkowski
|
0-0: Foul Ball, location: 2F 0-1: Ball 1-1: DOUBLE (Flyball, 8RXD, EV 103.1 MPH) Luke Robbins scores Tom Butterbaugh to third Runner from 3rd tries for Home, throw by CF and OUT! 8-4-2
|
| Bottom of the 6th over - 1 run, 3 hits, 0 errors, 1 left on base; Albuquerque 2 - Memphis 6 |
| TOP OF THE 7TH |
|
Albuquerque Isotopes batting - Pitching for Memphis Redbirds : RHP Chad Steffee
|
|
Batting: RHB Bobby Heagle
|
0-0: Ball 1-0: Ball 2-0: Called Strike 2-1: Ground out 5-3 (Groundball, 56, EV 81.3 MPH)
|
|
Batting: RHB Nate Carrell
|
0-0: Foul Ball, location: 2F 0-1: Foul Ball, location: 2F 0-2: Ball 1-2: SINGLE (Line Drive, 8RM, EV 95.6 MPH)
|
|
Pitching: RHP Josh Hoeye
|
|
|
Batting: RHB Josh Baker
|
0-0: Swinging Strike 0-1: Called Strike 0-2: Ball 1-2: Ball 2-2: Fielders Choice at 2nd, 5-4 (Groundball, 5L, EV 84.4 MPH)
|
|
Batting: LHB Enrique Andrade
|
0-0: Foul Ball, location: 2F 0-1: Ball 1-1: Called Strike 1-2: Ball 2-2: Ball 3-2: Base on Balls Josh Baker to second
|
|
Batting: LHB Tetsuya Oba
|
0-0: Foul Ball, location: 2F 0-1: Foul Ball, location: 2F 0-2: Ball 1-2: Ball 2-2: Ball 3-2: Ground out 4-3 (Groundball, 4, EV 81.9 MPH)
|
| Top of the 7th over - 0 runs, 1 hit, 0 errors, 2 left on base; Albuquerque 2 - Memphis 6 |
| BOTTOM OF THE 7TH |
|
Memphis Redbirds batting - Pitching for Albuquerque Isotopes : RHP Calvin Hightower
|
|
Batting: LHB Melvin Salgado
|
0-0: Called Strike 0-1: Foul Ball, location: 2F 0-2: Foul Ball, location: 2F 0-2: Ball 1-2: Strikes out swinging
|
|
Batting: LHB Tim Olsen
|
0-0: Ball 1-0: Swinging Strike 1-1: Ground out 4-3 (Groundball, 4, EV 103.1 MPH)
|
|
Batting: SHB Quido van Erp
|
0-0: Foul Ball, location: 2F 0-1: Fly out, F8 (Flyball, 8LD, EV 105.6 MPH)
|
| Bottom of the 7th over - 0 runs, 0 hits, 0 errors, 0 left on base; Albuquerque 2 - Memphis 6 |
| TOP OF THE 8TH |
|
Albuquerque Isotopes batting - Pitching for Memphis Redbirds : RHP Josh Hoeye
|
|
Batting: LHB Katsunan Akimoto
|
0-0: SINGLE (Line Drive, 34D, EV 106.9 MPH)
|
|
Pinch Hitting: SHB Pat Wilson
|
0-0: Called Strike 0-1: Ball 1-1: Swinging Strike 1-2: Ball 2-2: Strikes out swinging
|
|
Batting: SHB Bradley Barrowcliff
|
0-0: Ball 1-0: Ball 2-0: Ball 3-0: Base on Balls Katsunan Akimoto to second
|
|
Batting: RHB Jerry Castro
|
0-0: Foul Ball, location: 2F 0-1: Ball 1-1: Foul Ball, location: 2F 1-2: Strikes out swinging
|
|
Batting: RHB Bobby Heagle
|
0-0: Fielders Choice at 2nd, 6-4 (Groundball, 6, EV 107.5 MPH)
|
| Top of the 8th over - 0 runs, 1 hit, 0 errors, 2 left on base; Albuquerque 2 - Memphis 6 |
| BOTTOM OF THE 8TH |
|
Memphis Redbirds batting - Pitching for Albuquerque Isotopes : RHP Calvin Hightower
|
|
Now at 2B: Ben Alspach
|
|
|
Now at 3B: Tetsuya Oba
|
|
|
Batting: LHB Jesus Ramirez
|
0-0: Foul Ball, location: 2F 0-1: Ball 1-1: Swinging Strike 1-2: Ball 2-2: SINGLE (Groundball, 4D, EV 101.3 MPH)
|
|
Batting: RHB Colin Boddy
|
0-0: Ball 1-0: Ball 2-0: Ground out 5-3 (Groundball, 56S, EV 65.0 MPH) Jesus Ramirez to second
|
|
Batting: RHB Nick Getz
|
0-0: 2-RUN HOME RUN (Flyball, 7D, EV 95.0 MPH), Distance : 363 ft
|
|
Batting: SHB Luke Robbins
|
0-0: Ball 1-0: Ball 2-0: Fly out, F7 (Line Drive, 7, EV 91.9 MPH)
|
|
Batting: LHB Tom Butterbaugh
|
0-0: Ball 1-0: Ball 2-0: Ball 3-0: Base on Balls
|
|
Batting: RHB Eric Chotkowski
|
0-0: Ball 1-0: Fly out, F8 (Flyball, 8RD, EV 96.3 MPH)
|
| Bottom of the 8th over - 2 runs, 2 hits, 0 errors, 1 left on base; Albuquerque 2 - Memphis 8 |
| TOP OF THE 9TH |
|
Albuquerque Isotopes batting - Pitching for Memphis Redbirds : RHP Josh Hoeye
|
|
Batting: RHB Nate Carrell
|
0-0: Ball 1-0: Foul Ball, location: 2F 1-1: Ball 2-1: Foul Ball, location: 2F 2-2: Ball 3-2: Foul Ball, location: 2F 3-2: SINGLE (Groundball, 5S, EV 63.1 MPH) (infield hit)
|
|
Batting: RHB Josh Baker
|
0-0: Ball 1-0: Swinging Strike 1-1: Swinging Strike 1-2: Ball 2-2: Foul Ball, location: 2F 2-2: Ball 3-2: Fielders Choice at 2nd, 3-6 (Groundball, 13, EV 85.6 MPH)
|
|
Batting: LHB Enrique Andrade
|
0-0: Called Strike 0-1: Ball 1-1: Grounds into double play, 5-4-3 (Groundball, 5, EV 103.8 MPH)
|
| Top of the 9th over - 0 runs, 1 hit, 0 errors, 0 left on base; Albuquerque 2 - Memphis 8 |
|